 Dungeon Crawl Stone Soup version 0.24-a0-290-gbb66a67 (webtiles) character file.

Game seed: 14805434558862740113

41 Mgcat the Skirmisher (level 3, -3/29 HPs)
             Began as a Mummy Monk on May 8, 2019.
             Slain by Natasha (4 damage)
             ... on level 2 of the Dungeon.
             The game lasted 00:02:08 (1401 turns).

Mgcat the Skirmisher (Mummy Monk)                   Turns: 1401, Time: 00:02:09

Health: -3/29      AC:  3    Str: 15    XL:     3   Next: 32%
Magic:  3/3        EV: 13    Int:  9    God:
Gold:   40         SH:  0    Dex: 14    Spells: 2/2 levels left

rFire    x . .     SeeInvis .     - Unarmed
rCold    + . .     Gourm    .   (no shield)
rNeg     + + +     Faith    .   a - +0 robe
rPois    ∞         Spirit   .   f - +0 helmet (curse)
rElec    .         Reflect  .   (no cloak)
rCorr    .         Harm     .   (no gloves)
MR       .....                  (no boots)
Stlth    ++........             (no amulet)
HPRegen  0.09/turn              (no ring)
MPRegen  0.08/turn              (no ring)

@: no status effects
A: no food or potions, fire vulnerability, cold resistance 1, negative energy
resistance 3, torment resistance, unbreathing
a: no special abilities


You were on level 2 of the Dungeon.
You were not hungry.

You visited 1 branch of the dungeon, and saw 2 of its levels.

You collected 40 gold pieces.

Inventory:

Armour
 a - a +0 robe (worn)
 f - a cursed +0 helmet (worn)
   (You found it on level 1 of the Dungeon)
Scrolls
 b - a scroll of fog {unknown}
 c - a scroll of remove curse {unknown}
 d - a scroll of identify {unknown}
 e - a scroll of enchant weapon {unknown}


   Skills:
 + Level 3.5 Fighting
 - Level 2.4 Dodging
 + Level 2.2 Stealth
 + Level 2.9 Unarmed Combat


You had 2 spell levels left.
You didn't know any spells.
Your spell library was empty.

Dungeon Overview and Level Annotations

Branches:
Dungeon (2/15)

Altars:

Annotations:
D:2 Natasha


Innate Abilities, Weirdness & Mutations

You do not eat or drink.
Your flesh is vulnerable to fire.
You are immune to poison.
Your flesh is cold resistant. (rC+)
You are immune to negative energy. (rN+++)
You are immune to unholy pain and torment.
You can survive without breathing.


Message History

Marking area around Natasha as unsafe for travelling.
Natasha, Servant of Life and Death comes into view.
Natasha hisses angrily.
Natasha moves out of view.
Health restored: 29 Unknown command.
Unknown command.
Unknown command.
Spoiler Alert: Natasha can cast Slow, Call Imp, and go Invisible!
Natasha mumbles some strange words.
Natasha mumbles some strange words.
You feel disoriented.
Press: ? - help, v - describe, . - travel
Here: Natasha The floor.
Spoiler Alert: Natasha can cast Slow, Call Imp, and go Invisible!
Natasha is nearby!
You start waiting.
Natasha stares at you and mumbles some strange words.
The magic dart hits you!
You take 7 damage, and have 22/29 hp.
MASSIVE DAMAGE!!
Natasha closely misses you.
Spoiler Alert: Natasha can cast Slow, Call Imp, and go Invisible!
You hit Natasha.
Natasha is moderately wounded.
Natasha closely misses you.
You barely miss Natasha.
Natasha is moderately wounded.
Natasha barely misses you.
Spoiler Alert: Natasha can cast Slow, Call Imp, and go Invisible!
You hit Natasha but do no damage.
Natasha is moderately wounded.
You closely miss Natasha.
Natasha is moderately wounded.
Natasha casts a spell.
You hit Natasha but do no damage.
Natasha is moderately wounded.
Natasha claws you.
You take 3 damage, and have 20/29 hp.
Warning x2: Natasha can cast Slow, Call Imp, and go Invisible!
The shadow imp can Animate Dead!
You are too injured to fight recklessly!
Warning x2: Natasha can cast Slow, Call Imp, and go Invisible!
The shadow imp can Animate Dead!
You are too injured to fight recklessly!
Warning x2: Natasha can cast Slow, Call Imp, and go Invisible!
The shadow imp can Animate Dead!
You are too injured to fight recklessly!
Warning x2: Natasha can cast Slow, Call Imp, and go Invisible!
The shadow imp can Animate Dead!
You closely miss Natasha.
Natasha is moderately wounded.
Natasha wildly gestures.
Natasha's front paws start to glow.
Natasha misses you.
You hit Natasha.
Natasha is moderately wounded.
Natasha barely misses you.
The crimson imp lashes its tail.
Warning x2: Natasha can cast Slow, Call Imp, and go Invisible!
The shadow imp can Animate Dead!
You hit Natasha but do no damage.
Natasha is moderately wounded.
Natasha closely misses you.
You closely miss Natasha.
Natasha is moderately wounded.
Natasha misses you.
Warning x2: Natasha can cast Slow, Call Imp, and go Invisible!
The shadow imp can Animate Dead!
You hit Natasha but do no damage.
Natasha is moderately wounded.
Natasha extends her claws.
Natasha closely misses you.
You hit Natasha but do no damage.
Natasha is moderately wounded.
Natasha claws you.
You take 1 damage, and have 19/29 hp.
Warning x2: Natasha can cast Slow, Call Imp, and go Invisible!
The shadow imp can Animate Dead!
You closely miss Natasha.
Natasha is moderately wounded.
Natasha claws you!
The crimson imp disappears for a moment.
You take 9 damage, and have 10/29 hp.
MASSIVE DAMAGE!!
You hit Natasha.
Natasha is severely wounded.
Natasha claws you.
* * * LOW HITPOINT WARNING * * *
You take 3 damage, and have 7/29 hp.
Warning x2: Natasha can cast Slow, Call Imp, and go Invisible!
The shadow imp can Animate Dead!
You closely miss Natasha.
Natasha is severely wounded.
The crimson imp blinks!
Natasha growls.
Natasha closely misses you.
Warning x2: The shadow imp can Animate Dead!
Natasha can cast Slow, Call Imp, and go Invisible!
You completely miss Natasha.
Natasha is severely wounded.
Natasha claws you!
* * * LOW HITPOINT WARNING * * *
You take 6 damage, and have 1/29 hp.
MASSIVE DAMAGE!!
Warning x2: The shadow imp can Animate Dead!
Natasha can cast Slow, Call Imp, and go Invisible!
You barely miss Natasha.
Natasha is severely wounded.
The shadow imp shouts, "Away with thee, thou feckless dismal-dreaming brigand!"
Natasha claws you.
You die...

#..# #..# #..#
#..# #..#
###..####.##.
#............
##.######.##.
#...@.# #####h#
.. #.#5#####.###
#...........
#.#.#####.###.
#.#...........#
#.#.......###.#.
#.#.#...........
#.#.##.h........


You could see Natasha and a shadow imp.

Vanquished Creatures
  An ooze (D:2)
  2 dart slugs
  A leopard gecko (D:1)
  A giant cockroach (D:1)
  3 goblins (D:1)
  3 hobgoblins (D:1)
  4 jackals (D:1)
  6 bats (D:1)
  2 frilled lizards (D:1)
  5 kobolds (D:1)
  3 rats (D:1)
31 creatures vanquished.

Notes
Turn   | Place    | Note
-------+----------+-------------------------------------------
     0 | D:1      | Mgcat the Mummy Monk began the quest for the Orb.
     0 | D:1      | Reached XP level 1. HP: 18/18 MP: 1/1
   184 | D:1      | Reached XP level 2. HP: 24/24 MP: 2/2
   482 | D:1      | Reached skill level 2 in Stealth
   917 | D:1      | Reached XP level 3. HP: 25/29 MP: 3/3
  1370 | D:2      | Noticed Natasha
  1398 | D:2      | HP: 7/29 [Natasha (3)]
  1400 | D:2      | HP: 1/29 [Natasha (7)]
  1401 | D:2      | Slain by Natasha

Levels and vault maps discovered:
D:1:      matt_arrival_refuge, layout_basic, minmay_misc_feat_chi
D:2:      layout_basic, first_ration, uniq_robin, uniq_natasha, uniq_terence

Skill      XL: |  1  2 |
---------------+-------+-----
Stealth        | 2 |  2.2
Fighting       | |  3.5
Dodging        | |  2.4
Unarmed Combat | |  2.9

Action                   || total
-------------------------++-------
Melee: Unarmed           ||   139
 Stab: Sleeping          ||     9
Armor: Robe              ||    22
Dodge: Dodged            ||    89

Table legend:
 A = Non-vault XP
 B = Vault XP
 C = Vault XP percentage of total XP
 D = Non-vault monster count
 E = Vault monster count
 F = Vault count percentage of total count
                 A         B        C        D         E       F
            +---------+---------+-------+---------+---------+-------
      Total |      59 |       0 |   0.0 |      31 |       0 |   0.0
            +---------+---------+-------+---------+---------+-------
        D:1 |      49 |       0 |   0.0 |      29 |       0 |   0.0
        D:2 |      10 |       0 |   0.0 |       2 |       0 |   0.0
            +---------+---------+-------+---------+---------+-------

Levels and vault maps discovered:
D:1:      matt_arrival_refuge, layout_basic, minmay_misc_feat_chi
D:2:      layout_basic, first_ration, uniq_robin, uniq_natasha, uniq_terence

Table legend:
 A = Turns spent in this place as a percentage of turns spent in the entire game.
 B = Non-inter-level travel turns spent in this place as a percentage of non-inter-level travel turns spent in the entire game.
 C = Inter-level travel turns spent in this place as a percentage of turns spent in this place.
 D = Turns resting spent in this place as a percentage of non-inter-level travel turns spent in this place.
 E = Turns spent auto-exploring this place as a percentage of non-inter-level travel turns spent in this place.
 F = Non-inter-level travel turns spent in this place divided by the number of levels of this place that you've seen.
                   A       B       C       D       E      F
               +-------+-------+-------+-------+-------+----------------------
         Total | 100.0 | 100.0 |   3.4 |  20.6 |  57.8 | 677.0
       Dungeon | 100.0 | 100.0 |   3.4 |  20.6 |  57.8 | 677.0
               +-------+-------+-------+-------+-------+----------------------

Table legend:
 A = Kills in this place as a percentage of kills in entire the game.
 B = Kills by you in this place as a percentage of kills by you in the entire game.
 C = Kills by friends in this place as a percentage of kills by friends in the entire game.
 D = Other kills in this place as a percentage of other kills in the entire game.
 E = Experience gained in this place as a percentage of experience gained in the entire game.
 F = Experience gained in this place divided by the number of levels of this place that you have seen.
                   A       B       C       D       E      F
               +-------+-------+-------+-------+-------+----------------------
         Total | 100.0 | 100.0 |   N/A |   N/A | 100.0 |  29.5
       Dungeon | 100.0 | 100.0 |   N/A |   N/A | 100.0 |  29.5
               +-------+-------+-------+-------+-------+----------------------
